 Dungeon Crawl Stone Soup version 0.28.0-53-g5a82cb258f (webtiles) character file.

Game seed: 17524701279911058675

1572 jjjjhere the Cleaver (level 8, 0/74 HPs)
             Began as a Minotaur Fighter on Aug 20, 2022.
             Was a Follower of Okawaru.
             Succumbed to Edmund's poison
             ... on level 6 of the Dungeon.
             The game lasted 00:07:11 (6234 turns).

jjjjhere the Cleaver (Minotaur Fighter)             Turns: 6234, Time: 00:07:11

Health: 0/74       AC: 12    Str: 21    XL:     8   Next: 59%
Magic:  6/7        EV:  9    Int:  5    God:    Okawaru [*.....]
Gold:   203        SH:  5    Dex: 12    Spells: 7/7 levels left

rFire   . . .      SeeInvis .   j - +1 mace (venom)
rCold   . . .      Faith    .   c - +0 buckler
rNeg    . . .      Spirit   .   m - +2 scale mail {Will+}
rPois   .          Reflect  .   (helmet restricted)
rElec   .          Harm     .   (no cloak)
rCorr   .          Rampage  .   (no gloves)
Will    ++...                   (no boots)
Stlth   ..........              (no amulet)
HPRegen 0.22/turn               e - ring of willpower
MPRegen 0.10/turn               o - +4 ring of protection

@: lethally poisoned (0 -> -5), attractive, flying
A: horns 2, retaliatory headbutt
a: Renounce Religion, Heroism


You were on level 6 of the Dungeon.
You worshipped Okawaru.
Okawaru was aware of your devotion.
You visited 2 branches of the dungeon, and saw 7 of its levels.
You also visited: Sewer.

You collected 203 gold pieces.

Inventory:

Hand Weapons
 a - a +0 war axe
 j - a +1 mace of venom (weapon)
Armour
 c - a +0 buckler (worn)
 m - a +2 scale mail of willpower (worn)
Jewellery
 e - a ring of willpower (left hand)
 k - a ring of resist corrosion
 o - a +4 ring of protection (right hand)
Wands
 b - a wand of flame (32)
 n - a wand of mindburst (22)
 q - a wand of iceblast (5)
 s - a wand of acid (5)
Scrolls
 f - a scroll of teleportation
 g - 2 scrolls of amnesia
 r - 2 scrolls of fog
 t - 2 scrolls of holy word {unknown}
Potions
 d - a potion of might
 h - a potion of degeneration
 l - 2 potions of attraction
 p - a potion of cancellation


   Skills:
 + Level 8.2 Fighting
 * Level 10.6 Axes
 - Level 3.6 Armour
 - Level 4.6 Shields


You had 7 spell levels left.
You didn't know any spells.
Your spell library contained the following spells:

 Spells                   Type           Power      Damage    Failure   Level
 Beastly Appendage        Tmut           0%         N/A       88%         1
 Wereblood                Tmut           0%         N/A       95%         2
 Spider Form              Tmut/Pois      0%         N/A       99%         3


Dungeon Overview and Level Annotations

Branches:
Dungeon (6/15)             Temple (1/1) D:5           Sewer (visited)

Altars:
Cheibriados
Dithmenos
Elyvilon
Fedhas
Gozag
Hepliaklqana
Kikubaaqudgha
Nemelex Xobeh
Okawaru
Qazlal
Sif Muna
Trog
Vehumet
Wu Jian
Xom
Yredelemnul
Zin

Shops:
D:4 [

Annotations:
D:5 3 runed translucent doors, FrogKing's ghost, novice DjFE
D:6 Edmund


Innate Abilities, Weirdness & Mutations

You have a pair of horns on your head.
You reflexively headbutt those who attack you in melee.


Message History

Edmund hits you with a +4 dire flail of venom!
You are more poisoned.
As you read the scroll of teleportation, it crumbles to dust.
You feel strangely unstable.
You feel very sick. Edmund hits you but does no damage.
You are lethally poisoned!
* * * LOW HITPOINT WARNING * * *
You feel extremely sick.
It was a potion of attraction.
You feel attractive to monsters.
Your surroundings suddenly seem different.
* * * LOW HITPOINT WARNING * * *
You feel very sick.
It was a potion of flight.
You feel very buoyant.
You fly up into the air.
* * * LOW HITPOINT WARNING * * *
You feel very sick.
Okay, then.
Okay, then.
Okay, then.
Okay, then.
* * * LOW HITPOINT WARNING * * *
You feel very sick.
Found 13 gold pieces.
* * * LOW HITPOINT WARNING * * *
You feel very sick.
A sky beast comes into view.
* * * LOW HITPOINT WARNING * * *
You feel sick. The sky beast is attracted toward you.
You feel like a meek peon again.
* * * LOW HITPOINT WARNING * * *
You feel sick.
The helpless sky beast fails to defend itself.
You thump the sky beast!
The sky beast looks as sick as possible!
You headbutt the sky beast!
The sky beast is severely wounded.
You die...

.......#........ #.
...........##....... #..
#................##.
#.##.................##
#.................##.##
#..........##....)##.##
##.........#.........#
#..$......≈≈.P♣♣♣P.≈≈.
#...@....≈≈...P..P≈≈.
......Y##.#....♣♣.♣♣PP..
....#...#.#..(♣♣P.P♣♣.P(
... #.......♣.♣....P♣.♣.
. ..........♣P..._....♣.
.........#♣.♣P...P♣.♣.
.#.......#P.♣♣..P♣♣.P.
..#......... ♣♣.♣♣P..#
...#.....# .P..P≈≈#


You could see a sky beast (extremely poisoned).

Vanquished Creatures
  Eustachio (D:6)
  4 vampire mosquitoes (D:5)
  Menkaure (D:6)
  An ogre (D:5)
  A phantom (D:4)
  A bullfrog (Sewer)
  A scorpion (D:6)
  A water moccasin skeleton (D:5)
  A jelly (D:5)
  A hound (D:5)
  3 iguanas
  Ijyb (D:3)
  Terence (D:3)
  An orc wizard (D:5)
  A hound skeleton (D:4)
  4 gnolls (D:5)
  A howler monkey skeleton (D:5)
  7 adders
  A river rat (D:4)
  A white imp (D:6)
  2 worms
  2 dart slugs
  7 orcs
  14 endoplasms
  10 giant cockroaches
  9 goblins
  3 hobgoblins
  7 quokkas
  16 ball pythons
  4 bats
  10 frilled lizards
  7 kobolds
  6 rats
131 creatures vanquished.

Notes
Turn   | Place    | Note
-------+----------+-------------------------------------------
     0 | D:1      | jjjjhere the Minotaur Fighter began the quest for the Orb.
     0 | D:1      | Reached XP level 1. HP: 19/19 MP: 0/0
   132 | D:1      | Reached skill level 3 in Axes
   132 | D:1      | Reached XP level 2. HP: 26/27 MP: 1/1
   539 | D:1      | Reached XP level 3. HP: 32/33 MP: 2/2
   618 | D:1      | You fall into a shaft and drop 1 floor!
  1015 | D:2      | Reached skill level 4 in Axes
  1058 | D:2      | Reached XP level 4. HP: 37/41 MP: 3/3
  1772 | D:3      | Noticed Terence
  1774 | D:3      | Noticed Ijyb
  1780 | D:3      | Killed Terence
  1787 | D:3      | Killed Ijyb
  2254 | D:3      | Reached XP level 5. HP: 47/47 MP: 4/4
  2721 | D:4      | Reached skill level 5 in Axes
  2928 | D:4      | Found Cafotourph's Armour Boutique.
  3029 | D:4      | Found a glowing drain.
  3033 | Sewer    | Entered a sewer
  3107 | Sewer    | Reached skill level 5 in Fighting
  3500 | Sewer    | Reached skill level 6 in Axes
  3500 | Sewer    | Reached XP level 6. HP: 52/56 MP: 5/5
  4179 | D:5      | Entered Level 5 of the Dungeon
  4230 | D:5      | Noticed a vampire mosquito
  4230 | D:5      | Noticed a vampire mosquito
  4231 | D:5      | Noticed a vampire mosquito
  4232 | D:5      | Noticed a vampire mosquito
  4240 | D:5      | Killed a vampire mosquito
  4241 | D:5      | Reached skill level 7 in Axes
  4241 | D:5      | Reached XP level 7. HP: 48/63 MP: 6/6
  4246 | D:5      | Killed a vampire mosquito
  4252 | D:5      | Killed a vampire mosquito
  4253 | D:5      | Reached skill level 8 in Axes
  4255 | D:5      | Killed a vampire mosquito
  4472 | D:5      | Found a staircase to the Ecumenical Temple.
  4488 | Temple   | Entered the Ecumenical Temple
  4650 | Temple   | Became a worshipper of Warmaster Okawaru
  4714 | D:5      | Reached skill level 9 in Axes
  4956 | D:5      | Reached XP level 8. HP: 73/73 MP: 7/7
  5479 | D:5      | Found a runed translucent gate.
  5479 | D:5      | Found a runed translucent gate.
  5479 | D:5      | Found a runed translucent gate.
  5481 | D:5      | Noticed FrogKing's ghost (novice DjFE)
  5891 | D:6      | Noticed Menkaure
  5902 | D:6      | Killed Menkaure
  5902 | D:6      | Reached * piety under Okawaru
  5903 | D:6      | Reached skill level 10 in Axes
  5904 | D:6      | HP: 21/74 [white imp/puff of frost (12)]
  6161 | D:6      | Noticed Eustachio
  6167 | D:6      | Killed Eustachio
  6209 | D:6      | Found a white marble altar of Elyvilon.
  6219 | D:6      | Noticed Edmund
  6227 | D:6      | HP: 18/74 [poisoned by Edmund]
  6230 | D:6      | HP: 7/74 [poisoned by Edmund]
  6232 | D:6      | HP: 3/74 [poisoned by Edmund]
  6233 | D:6      | HP: 1/74 [poisoned by Edmund]
  6234 | D:6      | Succumbed to Edmund's poison

Illustrated notes

Levels and vault maps discovered:
D:1:      onia_arrival_pyramid, layout_basic
D:2:      layout_rooms, chequers_serial_rivers_marsh, minivault_26
D:3:      layout_loops_ring, hex_medium, serial_park_tiny_pond,
          grunt_ministairs_3, dk_noncrumbling_4, uniq_ijyb, uniq_terence
D:4:      layout_loops_ring, serial_shops, nicolae_shop_waterfront,
          gup_sewer_entry_spiral, hangedman_decor_lopped
D:5:      layout_loops_cross, minmay_temple_entry_glassed_door,
          ebering_ghost_rock_garden
D:6:      layout_cave_pools, nicolae_elyvilon_peaceful_grove,
          minmay_divided_ellipse, uniq_edmund, uniq_menkaure, uniq_eustachio
Temple:   eino_temple_scatter_basement

Skill      XL: |  1  2  3  4  5  6  7  8 |
---------------+-------------------------+-----
Axes           | 3 4 6 7 9 10 | 10.6
Fighting       | 4 5 6 7 8 |  8.2
Shields        | 4 |  4.6
Armour         | |  3.6

Action                   |  1- 3 |  4- 6 |  7- 9 || total
-------------------------+-------+-------+-------++-------
Melee: War axe           |    77 |   158 |       ||   235
       Headbutt          |    11 |    34 |    17 ||    62
       Mace              |       |    22 |    78 ||   100
Invok: Heroism           |       |       |     1 ||     1
Evoke: Wand              |       |     1 |       ||     1
  Use: Scroll            |       |     8 |     1 ||     9
       Potion            |       |     1 |     2 ||     3
 Stab: Sleeping          |       |       |     1 ||     1
Armor: Scale mail        |    36 |    79 |    37 ||   152
Dodge: Dodged            |    31 |    74 |    36 ||   141
Block: Buckler           |    15 |    42 |    17 ||    74
